 Dungeon Crawl Stone Soup version 0.25-a0-178-gc9f82b1288 (webtiles) character file.

Game seed: 5625880607246928913, levelgen mode: deterministic

124 Lanoc the Shooter (level 4, -9/39 HPs)
             Began as a Minotaur Hunter on Nov 26, 2019.
             Mangled by Sigmund
             ... wielding a +0 scythe
              (13 damage)
             ... on level 3 of the Dungeon.
             The game lasted 00:03:49 (2103 turns).

Lanoc the Shooter (Minotaur Hunter)                 Turns: 2103, Time: 00:03:50

Health: -9/39      AC:  6    Str: 15 (16) XL:     4   Next: 81%
Magic:  3/3        EV: 12    Int: 11 (13) God:
Gold:   103        SH:  0    Dex: 11 (12) Spells: 3/3 levels left

rFire    . . .     SeeInvis .   n - +2 quarterstaff (chaos)
rCold    . . .     Gourm    .   (shield currently unavailable)
rNeg     . . .     Faith    .   c - +0 leather armour
rPois    .         Spirit   .   (helmet restricted)
rElec    .         Reflect  .   p - +2 cloak {MR+}
rCorr    .         Harm     .   (no gloves)
MR       +....                  (no boots)
Stlth    +.........             (no amulet)
HPRegen  0.13/turn              (no ring)
MPRegen  0.08/turn              (no ring)

@: brilliant
A: retaliatory headbutt, horns 2
a: no special abilities


You were on level 3 of the Dungeon.
You were very hungry.

You visited 1 branch of the dungeon, and saw 3 of its levels.

You collected 103 gold pieces.

Inventory:

Hand Weapons
 a - a +1 shortbow
 n - a +2 quarterstaff of chaos (weapon)
 o - a +0 hunting sling
Missiles
 d - 9 arrows
 g - 27 sling bullets
 i - 62 stones (quivered)
 m - 9 poisoned darts
Armour
 c - a +0 leather armour (worn)
 p - a +2 cloak of magic resistance (worn)
Scrolls
 b - a scroll of amnesia {unknown}
 e - 3 scrolls of remove curse {unknown}
 h - a scroll of teleportation {unknown}
 j - a scroll of noise {unknown}
 k - 3 scrolls of identify {unknown}
Comestibles
 f - 7 rations


   Skills:
 + Level 3.6 Fighting
 * Level 5.7 Bows
 + Level 3.3 Dodging
 - Level 0.7 Stealth


You had 3 spell levels left.
You didn't know any spells.
Your spell library was empty.

Dungeon Overview and Level Annotations

Branches:
Dungeon (3/15)

Altars:
Ashenzari
The Shining One

Annotations:
D:3 Sigmund


Innate Abilities, Weirdness & Mutations

You reflexively headbutt those who attack you in melee.
You have a pair of horns on your head.


Message History

Sigmund hits you with a +0 scythe.
The hobgoblin hits you but does no damage.
You closely miss Sigmund.
Sigmund is lightly wounded.
The hobgoblin barely misses you. Sigmund misses you.
The hobgoblin closely misses you.
You closely miss Sigmund.
Sigmund is lightly wounded.
Sigmund completely misses you. The hobgoblin barely misses you.
You hit Sigmund but do no damage.
Sigmund is poisoned.
Sigmund is lightly wounded.
The hobgoblin hits you but does no damage.
Sigmund giggles. "Time to reap what you sow."
Sigmund hits you with a +0 scythe!
* * * LOW HITPOINT WARNING * * *
It was a potion of brilliance.
You feel clever all of a sudden.
The hobgoblin hits you but does no damage.
Sigmund hits you with a +0 scythe!
You die...

... ... ..# ###.###
...... # ....
#[#######.#
#.....@..(##########
##...$g@....<.......
#.$#####.##########
#. #.# # #.# #.# #.#
#.# #.#


You could see Sigmund and a hobgoblin.

Vanquished Creatures
  Crazy Yiuf (D:2)
  Robin (D:2)
  3 gnolls (D:2)
  An ooze (D:1)
  A worm (D:2)
  2 giant cockroaches (D:2)
  7 goblins
  7 hobgoblins
  4 jackals (D:1)
  2 quokkas (D:2)
  3 bats (D:2)
  4 frilled lizards (D:1)
  A giant cockroach zombie (D:2)
  6 kobolds
  5 rats
48 creatures vanquished.

Notes
Turn   | Place    | Note
-------+----------+-------------------------------------------
     0 | D:1      | Lanoc the Minotaur Hunter began the quest for the Orb.
     0 | D:1      | Reached XP level 1. HP: 18/18 MP: 0/0
    78 | D:1      | Reached XP level 2. HP: 17/25 MP: 1/1
   464 | D:1      | Reached skill level 5 in Bows
   707 | D:2      | Reached XP level 3. HP: 31/31 MP: 2/2
   709 | D:2      | Noticed Robin
   730 | D:2      | Killed Robin
  1104 | D:2      | Reached XP level 4. HP: 9/38 MP: 3/3
  1582 | D:2      | Found a shattered altar of Ashenzari.
  1763 | D:2      | Found a runed translucent door.
  1765 | D:2      | Noticed Crazy Yiuf
  1777 | D:2      | Killed Crazy Yiuf
  1878 | D:2      | Found a glowing golden altar of the Shining One.
  2090 | D:3      | Noticed Sigmund
  2103 | D:3      | Mangled by Sigmund

Levels and vault maps discovered:
D:1:      tarquinn_simple_flora_water_b, layout_loops_ring
D:2:      layout_loops_ring, lemuel_coloured_pillars_altar,
          nicolae_tso_carved_into_rock, first_ration, minmay_heptomino_h4,
          uniq_robin, uniq_crazy_yiuf_cottage
D:3:      layout_loops_ring, yredelemnul_altar_generic,
          nicolae_qazlal_style_of_elements, uniq_jessica, uniq_sigmund,
          uniq_ijyb

Skill      XL: |  1  2  3 |
---------------+----------+-----
Bows           | 5 |  5.7
Fighting       | 3 |  3.6
Dodging        | 3 |  3.3
Stealth        | |  0.7

Action                   |  1- 3 |  4- 6 || total
-------------------------+-------+-------++-------
Melee: Short sword       |     8 |       ||     8
       Headbutt          |     1 |       ||     1
       Quarterstaff      |       |     5 ||     5
 Fire: Shortbow          |    95 |    32 ||   127
       Hunting sling     |       |     9 ||     9
Throw: Stone             |     1 |     6 ||     7
  Use: Potion            |       |     3 ||     3
  Eat: Chunk             |       |     2 ||     2
Armor: Leather armour    |    10 |     5 ||    15
Dodge: Dodged            |    21 |    15 ||    36

Table legend:
 A = Non-vault XP
 B = Vault XP
 C = Vault XP percentage of total XP
 D = Non-vault monster count
 E = Vault monster count
 F = Vault count percentage of total count
                 A         B        C        D         E       F
            +---------+---------+-------+---------+---------+-------
      Total |     106 |      72 |  40.4 |      37 |      11 |  22.9
            +---------+---------+-------+---------+---------+-------
        D:1 |      40 |       0 |   0.0 |      21 |       0 |   0.0
        D:2 |      64 |      72 |  52.9 |      15 |      11 |  42.3
        D:3 |       2 |       0 |   0.0 |       1 |       0 |   0.0
            +---------+---------+-------+---------+---------+-------
